← All builds
Beach sea / Cortex / Economy first / OBSERVED BUILD

Standard beach sea

Cortex Beach sea build order · Supreme Isthmus

The role's usual play: com goes to sea to build a shipyard around 2 minutes, pumping frigates and destroyers to contest enemy sea entry or hold vision, with an advanced metal extractor around 10 minutes as the transition into the team's…

Usually shipyard first (94%)

#naval #eco · 815 distinct matches · 109 players · 84% of Cortex Beach sea games · team won 55% of 881 · Recently observed

HOW TO PLAY IT

Key timing: Shipyard by 1:57

  1. Open 3 mex and wind while com heads straight to sea.
  2. Drop Shipyard fast, before 2:00, to seize early sea presence.
  3. Push "frigate" out to contest enemy sea entry or hold vision.
  4. Add "destroyer" as the fleet grows.
  5. Transition into Advanced Metal Extractor to catch up on eco.

Phase by phase

TYPICAL OF ITS 815 GAMES
  1. 1
  2. 2
  3. 3
PLAY THE OPENING

Follow the example game's first 6:00 step by step: what to build now, what comes next, and where it goes. At 1× it keeps pace with your own game.

  1. 1

    Up to the Shipyard

    Economy
    • Metal Extractor3Mex
    • Wind Turbine3Windfor allies
    • Wind Turbine2Wind
    • Energy Storage1Energy storage
    Order
    1. ShipyardShipyard after 3 mex, 2 wind, 1 energy storagedone ~1:57, middle half 1:44–2:08

    By 1:40 in all: 3 mex · 2 wind · 1 energy storage

    The example game in this phase · 3 steps
    1. Mex ×3
    2. Wind ×3
    3. ShipyardShipyarddone 1:30 · typical 1:57
  2. 2

    Shipyard to 5:00

    Economy
    • Metal Extractor5Mex
    • Tidal Generator2Tidal
    Builders
    • Construction Ship2 Con ship
    Army
    • Riptide2 Frigate
    • Herring1 Missile corvette
    • Oppressor1 Destroyer
    Other
    • Naval Radar / Sonar Tower1 Naval Radar / Sonar Tower

    Some games also: Urchin (43%) · wind (40%) · submarine (39%) · gunboat (36%) · con turret (35%)

    By 5:00 in all: 8 mex · 3 wind · 2 tidal · 1 energy storage

    The example game in this phase · 22 steps
    1. Wind
    2. Construction ShipCon ship
    3. Wind
    4. Construction ShipCon ship
    5. Wind
    6. Tidal
    7. Mex
    8. Wind
    9. HerringMissile corvette
    10. Wind
    11. RiptideFrigatedone 2:54 · typical 3:52
    12. Mex ×2
    13. RiptideFrigate ×2
    14. OppressorDestroyerdone 4:39 · typical 5:11
    15. Mex
    16. Mex
    17. Naval Radar / Sonar TowerNaval Radar / Sonar Tower
    18. Wind
    19. Construction ShipCon ship
    20. UrchinUrchin
    21. HerringMissile corvette
    22. Wind
  3. 3

    5:00 to 10:00

    Economy
    • Metal Extractor1Mex
    • Wind Turbine10Wind
    Builders
    • Death Cavalry1 Death Cavalry
    • Construction Ship1 Con ship
    Army
    • Urchin1 Urchin
    • Riptide5 Frigate
    • Oppressor2 Destroyer
    • Herring2 Missile corvette
    Other
    • Naval Radar / Sonar Tower1 Naval Radar / Sonar Tower

    Some games also: Naval Construction Turret (48%) · Guard (47%) · Radar Tower (41%) · tidal (39%) · con turret (34%)

    By 10:00 in all: 9 mex · 12 wind · 4 wind · 4 tidal · 1 energy storage · 1 Naval Construction Turret

    The example game in this phase · 40 steps
    1. RiptideFrigate ×2
    2. Wind
    3. Naval Construction Turret
    4. RiptideFrigate
    5. Wind
    6. Naval Radar / Sonar TowerNaval Radar / Sonar Tower
    7. Wind
    8. OppressorDestroyer
    9. Tidal
    10. Wind
    11. Naval Radar / Sonar TowerNaval Radar / Sonar Tower
    12. Energy storage
    13. Construction ShipCon ship
    14. HerringMissile corvette
    15. Advanced Metal ExtractorT2 mexdone 10:30 · typical 9:58
    16. RiptideFrigate ×2
    17. Converter
    18. RiptideFrigate
    19. Tidal
    20. Converter
    21. OppressorDestroyer
    22. Tidal
    23. Converter
    24. Tidal
    25. Converter
    26. Construction ShipCon ship
    27. Tidal
    28. Advanced Metal ExtractorT2 mex
    29. HerringMissile corvette
    30. RiptideFrigate
    31. Tidal
    32. Con turret
    33. RiptideFrigate ×2
    34. Tidal
    35. Construction ShipCon ship
    36. HerringMissile corvette ×3
    37. Tidal
    38. Advanced Metal ExtractorT2 mex
    39. HerringMissile corvette
    40. Mex

Counts are medians over the build's games: half of them build more, half fewer. The example game is griffjack's (36 OS, 01/10/2026); pick another.

Team trades

IN AT LEAST 30% OF ITS GAMES

You hand over

  • Wind Turbine3 Wind to Airfirst at 1:52 · in 78% of games

You get

  • Finch1 Finch from Airfirst at 1:58 · in 82% of games
  • Lazarus1 Lazarus from Geofirst at 2:13 · in 61% of games
  • Hephaestus1 Heavy transport from Airfirst at 2:16 · in 68% of games
  • Construction Bot1 Con bot from Geofirst at 2:27 · in 69% of games
  • Hercules1 Light transport from Airfirst at 2:34 · in 32% of games
  • Advanced Construction Bot1 T2 con bot from Techfirst at 8:09 · in 88% of games

How it plays out

Typical game of this build, running totals by minute

Metal produced

010k20k30k
0:005:0010:0015:00

metal

Enemy metal destroyed

05k10k
0:005:0010:0015:00

metal

Own metal lost

02.5k5k7.5k
0:005:0010:0015:00

metal

881 games.

Show as table
ByMetal produced: This buildEnemy metal destroyed: This buildOwn metal lost: This build
1:0040300
2:0093700
3:00156800
4:0025322150
5:003703196100
6:005031534254
7:0064761096590
8:00807018331019
9:00968228531605
10:001159139782340
11:001381852093070
12:001635261593821
13:001911371834611
14:002195382645717
15:002492992576561
WHAT THE NUMBERS SAY

Standard Beach sea wins more than Geo sea's 50% and gets its Shipyard up faster, using early sea access before falling behind on land resources.

  • + Shipyard finishes by 1:57, faster than Geo sea's 3:18
  • + 54% team win rate beats the Cortex geo sea baseline
  • − Metal produced trails Geo sea's Cortex build, 24356 vs 28451 by 15:00
  • − T2 factory only lands in 35% of games by 12:42
THE EXAMPLE YOU ARE READING

griffjack

35.5 OS · 01/10/2026

Open source match ↗

5 received units · includes a constructor
117 metal received · 19143 energy received

Allied construction assistance is unknown. Timings are observations, not a promise of solo reproducibility.

Typical milestones

Shipyard1:57Middle 50%: 1:44–2:08 · n=879
Riptide3:52Middle 50%: 3:16–4:34 · n=867
Oppressor5:11Middle 50%: 4:16–6:08 · n=851
Advanced Metal Extractor9:58Middle 50%: 9:16–10:53 · n=746

Played most by

EpicTyrannus85games of this buildDamsko67games of this buildWaboum64games of this buildPRO_HYDRA60games of this buildMrCoolPotato51games of this build